details: 'fuck u yellow'

« prev index next »

General information

Mini Map

Players

team 1
NightElfhjd999 (purple | 47 APM | 13 actions | 00:16)

» actions
Build / train1
Enter build submenu2
Right click3
Select / deselect5
Use ability2
13 total
» units
Wisp1
1 total
» buildings
Altar of Elders1
Moon Well1
2 total
» build order
00:06 Altar of Elders
00:10 Moon Well
HumanTakeOne (yellow | 98 APM | 3032 actions | 31:00)
Hero icon 8 Blood Mage
Ability icon 3 Flame Strike
Ability icon 3 Siphon Mana
Ability icon 1 Summon Phoenix
Ability icon 1 Banish
Hero icon 1 Warden
Ability icon 1 Blink

» actions
Assign group hotkey34
Basic commands201
Build / train158
ESC pressed32
Enter build submenu53
Enter hero's abilities submenu10
Give item / drop item7
Remove unit from queue1
Right click1241
Select / deselect455
Select group hotkey626
Use ability214
3032 total
» units
Peasant19
Footman18
Gryphon Rider4
Wisp8
Dragonhawk Rider6
55 total
» upgrades
Defend1
Masonry3
Lumber Harvesting2
Swords3
Armor3
Storm Hammers1
Cloud1
Animal War Training1
Backpack1
Moon Armor1
Strength of the Moon1
Sorceress Training2
Gunpowder3
Plating3
Flak Cannons1
Flying Machine Bombs1
Barrage1
Fragmentation Shards1
Flare1
31 total
» buildings
Altar of Kings1
Farm10
Barracks1
Arcane Vault2
Scout Tower22
Keep2
Arcane Tower4
Lumber Mill1
Town Hall1
Guard Tower25
Castle1
Gryphon Aviary5
Blacksmith2
Arcane Sanctum1
Workshop3
Ancient Protector2
83 total
» build order
00:04 Altar of Kings
00:08 Farm
00:11 Barracks
00:54 Farm
01:53 Farm
02:46 Arcane Vault
03:04 Farm
03:48 Scout Tower
04:00 Farm
04:22 Keep
04:22 Keep
04:32 Arcane Tower
04:32 Arcane Tower
05:32 Farm
06:15 Lumber Mill
08:14 Town Hall
08:16 Scout Tower
08:18 Scout Tower
08:20 Scout Tower
08:29 Scout Tower
08:35 Scout Tower
08:37 Scout Tower
08:49 Guard Tower
08:49 Guard Tower
08:49 Guard Tower
08:49 Guard Tower
08:50 Guard Tower
08:50 Guard Tower
08:50 Guard Tower
09:02 Guard Tower
09:02 Guard Tower
09:08 Castle
09:45 Guard Tower
10:10 Guard Tower
10:37 Scout Tower
10:43 Scout Tower
11:09 Arcane Tower
11:10 Arcane Tower
11:16 Gryphon Aviary
11:19 Gryphon Aviary
12:21 Gryphon Aviary
12:51 Blacksmith
12:52 Blacksmith
13:06 Scout Tower
13:07 Scout Tower
13:09 Scout Tower
13:10 Scout Tower
13:38 Scout Tower
13:39 Scout Tower
13:40 Scout Tower
13:42 Scout Tower
14:07 Guard Tower
14:07 Guard Tower
14:12 Guard Tower
14:13 Guard Tower
16:58 Scout Tower
16:59 Scout Tower
16:59 Scout Tower
17:01 Scout Tower
17:34 Guard Tower
17:34 Guard Tower
17:48 Guard Tower
17:49 Guard Tower
17:49 Guard Tower
19:39 Gryphon Aviary
19:43 Gryphon Aviary
20:35 Farm
20:36 Farm
20:37 Farm
21:04 Farm
21:13 Arcane Sanctum
21:45 Scout Tower
22:29 Guard Tower
23:12 Arcane Vault
28:07 Workshop
28:07 Workshop
28:09 Workshop
28:28 Ancient Protector
28:31 Ancient Protector
» items
Scroll of Regeneration5
Boots of Speed1
Staff of Teleportation1
Mechanical Critter3
Lesser Clarity Potion1
Scroll of Town Portal1
12 total
NightElfFalafel (red | 39 APM | 1079 actions | 27:32)
Hero icon 6 Keeper of the Grove
Ability icon 3 Entangling Roots
Ability icon 2 Thorns Aura
Ability icon 1 Tranquility
Hero icon 6 Firelord
Ability icon 3 Summon Lava Spawn
Ability icon 3 Incinerate

» actions
Assign group hotkey32
Basic commands99
Build / train143
Enter build submenu18
Enter hero's abilities submenu12
Remove unit from queue7
Right click271
Select / deselect337
Select group hotkey100
Use ability60
1079 total
» units
Wisp24
Archer15
Huntress8
Chimaera23
Faerie Dragon21
Dryad15
Mountain Giant1
107 total
» upgrades
Strength of the Wild3
Reinforced Hides3
Corrosive Breath1
Abolish Magic1
Hardened Skin1
Resistant Skin1
10 total
» buildings
Altar of Elders1
Ancient of War1
Moon Well8
Tree of Ages1
Hunter's Hall1
Ancient of Wind1
Ancient of Lore1
Tree of Eternity1
Ancient of Wonders1
Chimaera Roost2
Tree of Life1
19 total
» build order
00:11 Altar of Elders
00:17 Ancient of War
00:27 Moon Well
01:51 Moon Well
02:43 Moon Well
02:58 Moon Well
04:40 Tree of Ages
04:46 Hunter's Hall
07:31 Ancient of Wind
07:56 Ancient of Lore
08:31 Tree of Eternity
08:49 Moon Well
08:56 Ancient of Wonders
10:54 Chimaera Roost
10:56 Chimaera Roost
11:46 Moon Well
11:47 Moon Well
11:48 Moon Well
15:23 Tree of Life
» items
Scroll of Town Portal1
1 total
Random» Undeadyuengling (green | 54 APM | 1575 actions | 28:54)
Hero icon 4 Warden
Ability icon 1 Fan of Knives
Ability icon 2 Blink
Ability icon 1 Shadow Strike
Hero icon 8 Crypt Lord
Ability icon 3 Carrion Beetles
Ability icon 2 Impale
Ability icon 2 Spiked Carapace
Ability icon 1 Locust Swarm

» actions
Assign group hotkey41
Basic commands198
Build / train125
Enter build submenu29
Enter hero's abilities submenu12
Give item / drop item1
Right click409
Select / deselect336
Select group hotkey360
Use ability64
1575 total
» units
Acolyte7
Wisp11
Archer10
Ghoul11
Crypt Fiend7
Dryad29
Abomination17
92 total
» upgrades
Unholy Strength3
Unholy Armor3
Web1
Moon Armor1
Strength of the Moon1
Abolish Magic1
Disease Cloud1
Strength of the Wild2
Reinforced Hides1
14 total
» buildings
Altar of Darkness1
Ziggurat6
Ancient of War2
Crypt2
Graveyard1
Halls of the Dead1
Moon Well7
Hunter's Hall1
Tree of Ages1
Black Citadel1
Ancient of Lore2
Slaughterhouse2
Tree of Life1
28 total
» build order
00:29 Altar of Darkness
00:35 Ziggurat
01:35 Ancient of War
01:38 Crypt
01:45 Crypt
02:05 Graveyard
02:17 Ziggurat
02:39 Ancient of War
03:17 Ziggurat
04:06 Halls of the Dead
04:15 Moon Well
04:54 Hunter's Hall
06:13 Tree of Ages
08:37 Black Citadel
08:44 Ancient of Lore
08:47 Moon Well
08:50 Ziggurat
08:54 Ziggurat
09:37 Ancient of Lore
09:42 Ziggurat
10:35 Slaughterhouse
10:43 Slaughterhouse
10:52 Moon Well
15:58 Moon Well
16:00 Moon Well
16:38 Moon Well
16:42 Moon Well
24:43 Tree of Life
team 2
Random» Humanbest.of.you (teal | 214 APM | 6367 actions | 29:43)
Hero icon 7 Archmage
Ability icon 3 Summon Water Elemental
Ability icon 3 Brilliance Aura
Ability icon 1 Mass Teleport
Hero icon 6 Mountain King
Ability icon 3 Storm Bolt
Ability icon 2 Thunder Clap
Ability icon 1 Avatar

» actions
Assign group hotkey75
Basic commands84
Build / train127
Enter build submenu35
Enter hero's abilities submenu16
Give item / drop item1
Remove unit from queue1
Right click1385
Select / deselect584
Select group hotkey3898
Use ability161
6367 total
» units
Peasant11
Footman7
Rifleman19
Sorceress4
Priest4
Spell Breaker2
Mortar Team5
Gryphon Rider7
59 total
» upgrades
Defend1
Long Rifles1
Gunpowder2
Fragmentation Shards1
Storm Hammers1
6 total
» buildings
Altar of Kings2
Barracks2
Farm21
Keep3
Arcane Vault2
Blacksmith1
Arcane Sanctum1
Workshop1
Castle6
Gryphon Aviary3
42 total
» build order
00:08 Altar of Kings
00:24 Barracks
00:31 Altar of Kings
00:37 Farm
00:58 Farm
01:08 Barracks
01:25 Farm
01:46 Farm
02:30 Farm
02:50 Farm
04:04 Keep
04:04 Keep
04:07 Arcane Vault
04:16 Blacksmith
06:23 Farm
06:43 Arcane Sanctum
07:24 Farm
10:35 Arcane Vault
10:41 Farm
11:19 Farm
14:10 Farm
14:25 Farm
14:27 Workshop
15:40 Castle
15:40 Castle
20:40 Castle
20:40 Castle
20:41 Castle
21:31 Gryphon Aviary
21:33 Farm
21:35 Farm
21:36 Gryphon Aviary
24:53 Farm
24:54 Farm
24:56 Farm
25:27 Farm
25:31 Gryphon Aviary
26:13 Farm
27:14 Farm
27:15 Farm
» items
Scroll of Regeneration4
Lesser Clarity Potion3
Scroll of Town Portal4
Scroll of Healing1
Potion of Healing1
13 total
UndeadSoulSucker (blue | 77 APM | 2394 actions | 30:59)
Hero icon 7 Death Knight
Ability icon 3 Death Coil
Ability icon 3 Unholy Aura
Ability icon 1 Death Pact
Hero icon 1 Archmage
Ability icon 1 Summon Water Elemental

» actions
Assign group hotkey89
Basic commands43
Build / train92
Enter build submenu44
Enter hero's abilities submenu10
Give item / drop item1
Remove unit from queue10
Right click1017
Select / deselect568
Select group hotkey374
Use ability146
2394 total
» units
Acolyte7
Ghoul7
Peasant2
Banshee12
Rifleman2
Sorceress7
Gargoyle4
41 total
» upgrades
Masonry1
Banshee Training2
Lumber Harvesting1
Sorceress Training1
Magic Sentry1
Creature Attack2
Creature Carapace2
Cannibalize1
Stone Form1
12 total
» buildings
Crypt4
Ziggurat10
Altar of Darkness1
Tomb of Relics1
Halls of the Dead1
Graveyard1
Lumber Mill1
Arcane Vault1
Scout Tower5
Black Citadel1
Temple of the Damned3
Guard Tower4
Keep1
Barracks1
Blacksmith1
Farm3
Arcane Sanctum2
Spirit Tower2
Sacrificial Pit1
44 total
» build order
00:09 Crypt
00:11 Ziggurat
00:15 Ziggurat
00:42 Altar of Darkness
01:18 Ziggurat
02:34 Tomb of Relics
02:55 Halls of the Dead
03:16 Graveyard
04:12 Ziggurat
04:13 Ziggurat
04:30 Lumber Mill
04:35 Arcane Vault
05:03 Scout Tower
05:05 Scout Tower
05:09 Scout Tower
05:13 Scout Tower
05:17 Black Citadel
05:21 Temple of the Damned
05:23 Temple of the Damned
05:24 Temple of the Damned
05:44 Guard Tower
05:45 Guard Tower
06:04 Guard Tower
06:08 Keep
06:59 Guard Tower
07:11 Barracks
07:15 Blacksmith
08:14 Farm
08:15 Farm
08:18 Farm
08:34 Arcane Sanctum
08:41 Ziggurat
08:42 Ziggurat
08:44 Ziggurat
09:05 Spirit Tower
09:06 Spirit Tower
11:16 Arcane Sanctum
13:12 Scout Tower
14:52 Ziggurat
14:53 Ziggurat
17:54 Sacrificial Pit
19:08 Crypt
19:08 Crypt
19:09 Crypt
» items
Rod of Necromancy1
Scroll of Town Portal2
Orb of Corruption1
Potion of Healing1
Scroll of Regeneration1
Periapt of Vitality1
Staff of Teleportation1
8 total
OrcTutung (pink | 18 APM | 527 actions | 29:20)
Hero icon 5 Blademaster
Ability icon 3 Wind Walk
Ability icon 2 Critical Strike
Hero icon 1 Archmage
Ability icon 1 Blizzard

» actions
Basic commands9
Build / train83
Enter build submenu17
Enter hero's abilities submenu7
Give item / drop item1
Right click135
Select / deselect230
Use ability45
527 total
» units
Peon4
Footman7
Grunt21
Troll Headhunter/Berserker8
Raider15
Priest3
58 total
» upgrades
Melee Weapons2
Armor1
Spiked Barricades1
Ensnare1
Berserker Strength1
6 total
» buildings
Orc Burrow5
Altar of Storms1
Altar of Kings1
War Mill3
Barracks2
Stronghold1
Voodoo Lounge1
Beastiary2
Fortress1
17 total
» build order
00:07 Orc Burrow
00:14 Altar of Storms
00:34 Altar of Kings
01:29 War Mill
02:07 Barracks
03:39 Orc Burrow
05:04 Stronghold
05:14 Voodoo Lounge
08:40 Beastiary
11:04 Orc Burrow
11:16 Orc Burrow
11:53 War Mill
14:21 Barracks
14:25 Beastiary
14:31 Orc Burrow
19:26 War Mill
20:41 Fortress
» items
Potion of Healing3
Scroll of Town Portal4
Potion of Mana1
Orb of Lightning1
9 total
Humanc0tt0nm0uth (orange | 0 APM | 0 actions | 00:12)

Chat log

(00:04 / Allies) Falafel: love the name green
(00:18 / Allies) yuengling: thanks
(01:00 / Allies) Falafel: rush
(01:08 / Allies) Falafel: who has purp?
(01:08 / Allies) TakeOne: k hit here

(04:17 / Allies) TakeOne: sick rush bro

(06:45 / All) SoulSucker: Red = hero focusing retard

(13:53 / Allies) TakeOne: back
(14:00 / Allies) TakeOne: just creep the hydras

(17:05 / Allies) Falafel: where do you want to hit?

(20:00 / All) TakeOne: FUCK WC3 PATHFINDING
(20:02 / All) TakeOne: Hahahahah

(23:42 / All) SoulSucker: hit hold position lol

(26:17 / Allies) TakeOne: wtf
(26:19 / Allies) TakeOne: red is a bser
(26:22 / Allies) TakeOne: TK RED
(26:27 / Allies) Falafel: ?
(26:34 / Allies) Falafel: I didn't do shit
(26:37 / Allies) yuengling: stfu yellow
(26:44 / All) TakeOne: THAT'S WHAT ALL TKERS SAY RED
(26:56 / Allies) Falafel: awesome
(27:42 / All) TakeOne: STUPID TK NIGGER RED
(27:48 / Allies) yuengling: fuck u yellow
(28:09 / All) SoulSucker: some retard got blizzard for secon spell

(29:19 / All) TakeOne: HAHAHHAHA
(29:22 / All) TakeOne: LUCKY FLAME STRIKE
(30:14 / All) SoulSucker: l;ol
(30:24 / All) SoulSucker: they're all soft hearted faggots
(30:32 / All) SoulSucker: stats em
(30:44 / All) TakeOne: Red 6-9
(30:50 / All) TakeOne: Green 10-15
(30:51 / All) SoulSucker: teal is 3-1 solo 3-0 team
(30:58 / All) SoulSucker: he needs his first loss